[Event "RUS-ch Men Rapid 2019"]
[Site "Sochi"]
[Date "2019.10.16"]
[Round "6.4"]
[White "Pridorozhni, Aleksei"]
[Black "Popov, Valerij"]
[Result "1/2-1/2"]
[ECO "C24"]
[WhiteElo "2599"]
[BlackElo "2535"]
[Annotator "ChessBase"]
[PlyCount "88"]
[EventDate "2019.10.15"]
[EventType "swiss"]
[EventCountry "RUS"]
[SourceTitle "playchess.com"]
[Source "ChessBase"]
[SourceQuality "1"]
[TimeControl "900+10"]

1. e4 e5 2. Bc4 Nf6 3. d3 c6 4. Nf3 d5 5. Bb3 Bd6 6. Nc3 d4 7. Ne2 O-O 8. O-O c5 9. Ng3 Nc6 10. Nf5 Be6 11. Ng5 Bxb3 12. axb3 h6 13. Nh3 Kh7 14. Bd2 Bc7 15. Qc1 Ng8 16. f4 g6 17. Ng3 exf4 18. Bxf4 Ne5 19. Nf2 Qh4 20. Ne2 a5 21. Bg3 Qg5 22. Nf4 Qd8 23. Nd5 Bd6 24. Qd1 Ra6 25. Ng4 Nxg4 26. Qxg4 Bxg3 27. Qxg3 f5 28. Qc7+ Qxc7 29. Nxc7 Rc6 30. Nd5 b6 31. exf5 Rxf5 32. Rxf5 gxf5 33. Re1 Rd6 34. Nf4 Kg7 35. Re8 Kf7 36. Rb8 Ne7 37. Kf2 Kf6 38. g3 Kf7 39. Rb7 Kf6 40. h4 Kf7 41. h5 Kf6 42. Kf3 Nc6 43. Rh7 Ne5+ 44. Ke2 Nf7 1/2-1/2

[Event "RUS-ch Men Rapid 2019"]
[Site "Sochi"]
[Date "2019.10.16"]
[Round "6.5"]
[White "Bocharov, Dmitry"]
[Black "Rozum, Ivan"]
[Result "1/2-1/2"]
[ECO "A21"]
[WhiteElo "2519"]
[BlackElo "2599"]
[Annotator "RC"]
[PlyCount "143"]
[EventDate "2019.10.15"]
[EventType "swiss"]
[EventCountry "RUS"]
[SourceTitle "playchess.com"]
[Source "ChessBase"]
[SourceQuality "1"]
[TimeControl "900+10"]

1. c4 e5 2. Nc3 Bb4 3. Nd5 Be7 4. d4 d6 5. g3 Nf6 6. Bg2 O-O 7. e3 Nxd5 8. cxd5 exd4 9. Qxd4 c5 10. dxc6 bxc6 11. Ne2 Ba6 12. Qd2 Nd7 13. O-O Ne5 14. Rd1 d5 15. Qc2 Bf6 16. Nf4 g6 17. Rb1 Qe7 18. h3 Bc8 19. e4 Rd8 20. Be3 Rb8 21. b3 a5 22. Rbc1 dxe4 23. Bc5 Rxd1+ 24. Rxd1 Qe8 25. Bxe4 Ba6 26. Bg2 Rd8 27. Bb6 Rxd1+ 28. Qxd1 a4 29. bxa4 Nc4 30. a5 Nxb6 31. axb6 Qb8 32. Bxc6 Qxb6 33. Bd5 Bd4 34. Qf3 Qb1+ 35. Kh2 Qf5 36. Kg2 Bc8 37. h4 Kg7 38. a4 Bb6 39. Qc3+ Kg8 40. Qc6 Bd4 41. a5 Bd7 42. Qc4 Be5 43. a6 Bb8 44. Bc6 Be6 45. Nxe6 Qxe6 46. Bd5 Qd7 47. Qd4 Ba7 48. Qe5 h5 49. Kg1 Qd8 50. Bb3 Qb8 51. Qc3 Qb6 52. Qf3 Qc7 53. Kg2 Kg7 54. Qe4 Qb6 55. Qf3 Qf6 56. Qxf6+ Kxf6 57. f4 Ke7 58. Kf3 f5 59. Ke2 Bb6 60. Kd3 Bf2 61. Bg8 Ke8 62. Ke2 Bb6 63. Kd3 Bf2 64. Kc4 Kd7 65. Kd5 Kc7 66. Ke5 Bxg3 67. Bf7 Bxh4 68. Bxg6 Kb6 69. Kxf5 Kxa6 70. Bxh5 Bg3 71. Ke4 Bxf4 72. Kxf4 1/2-1/2

[Event "RUS-ch Men Rapid 2019"]
[Site "Sochi"]
[Date "2019.10.16"]
[Round "6.6"]
[White "Antipov, Mikhail Al."]
[Black "Goryachkina, Aleksandra"]
[Result "1-0"]
[ECO "C07"]
[WhiteElo "2567"]
[BlackElo "2575"]
[Annotator "RC"]
[PlyCount "77"]
[EventDate "2019.10.15"]
[EventType "swiss"]
[EventCountry "RUS"]
[SourceTitle "playchess.com"]
[Source "ChessBase"]
[SourceQuality "1"]
[TimeControl "900+10"]

1. e4 e6 2. d4 d5 3. Nd2 c5 4. Ngf3 cxd4 5. exd5 Qxd5 6. Bc4 Qd7 7. O-O Nc6 8. Nb3 a6 9. a4 Nf6 10. Qe2 Bd6 11. Rd1 O-O 12. Nbxd4 e5 13. Nxc6 Qxc6 14. Bg5 Bc7 15. Ra3 Be6 16. Bxe6 Qxe6 17. Rc3 Rac8 18. Bxf6 Qxf6 19. Qe4 Qe7 20. Rcd3 Rcd8 21. Rxd8 Rxd8 22. Rxd8+ Qxd8 23. g3 Qe8 24. Qxb7 Bb8 25. Qxa6 e4 26. Ne1 e3 27. fxe3 Qxe3+ 28. Kf1 Qe8 29. Qb7 h5 30. a5 h4 31. gxh4 Bxh2 32. a6 Qe3 33. a7 Qg1+ 34. Ke2 Qg4+ 35. Kd3 Qd1+ 36. Kc4 Qe2+ 37. Kb3 Qe6+ 38. c4 Qe3+ 39. Ka2 1-0

[Event "RUS-ch Men Rapid 2019"]
[Site "Sochi"]
[Date "2019.10.16"]
[Round "6.9"]
[White "Nesterov, Arseniy"]
[Black "Triapishko, Alexandr"]
[Result "1-0"]
[ECO "A37"]
[WhiteElo "2484"]
[BlackElo "2514"]
[Annotator "RC"]
[PlyCount "145"]
[EventDate "2019.10.15"]
[EventType "swiss"]
[EventCountry "RUS"]
[SourceTitle "playchess.com"]
[Source "ChessBase"]
[SourceQuality "1"]
[TimeControl "900+10"]

1. Nf3 c5 2. c4 Nc6 3. Nc3 g6 4. g3 Bg7 5. Bg2 e5 6. d3 d6 7. O-O Nge7 8. a3 O-O 9. Rb1 a5 10. Ne1 Be6 11. Nd5 a4 12. b4 axb3 13. Rxb3 Ra7 14. Nxe7+ Qxe7 15. Nc2 f5 16. Ne3 Nd4 17. Rb1 Rb8 18. Nd5 Qd8 19. e3 Nc6 20. Rb5 Ne7 21. Nxe7+ Qxe7 22. Qb3 e4 23. dxe4 Qf7 24. exf5 Bxc4 25. fxg6 hxg6 26. Qd1 Ra6 27. Rb1 Kh7 28. Re1 b5 29. e4 Ba2 30. Rb2 b4 31. axb4 Bxb2 32. Bxb2 Rxb4 33. Qd2 Rab6 34. Bc1 Rb1 35. e5 dxe5 36. Qh6+ Kg8 37. Rd1 Rxc1 38. Rxc1 Rb1 39. Rxb1 Bxb1 40. Qc1 Bf5 41. Qxc5 Qf6 42. h4 Kg7 43. Bd5 Kh6 44. f3 g5 45. Qe3 Kg6 46. g4 Bc2 47. Be4+ Bxe4 48. Qxe4+ Kg7 49. h5 Qd6 50. Kg2 Kh6 51. Kh3 Qf6 52. Qf5 Qd6 53. Qe4 Kg7 54. Kg2 Qd2+ 55. Kh3 Qd6 56. Qb7+ Kh6 57. Qa8 Kg7 58. Qe8 Qf6 59. Kg2 Qd6 60. h6+ Qxh6 61. Qe7+ Kg8 62. Qxe5 Qg6 63. Kf2 Qc2+ 64. Ke3 Qc1+ 65. Ke4 Qc2+ 66. Kd5 Qd2+ 67. Ke6 Kh7 68. Kf6 Kh6 69. Ke6 Kh7 70. Kf6 Kh6 71. Qe4 Qd6+ {Qe5 Qd2} 72. Kf7 Qd7+ 73. Kf6 1-0

[Event "RUS-ch Men Rapid 2019"]
[Site "Sochi"]
[Date "2019.10.16"]
[Round "6.10"]
[White "Apryshko, Gleb"]
[Black "Savchenko, Boris"]
[Result "1-0"]
[ECO "A00"]
[WhiteElo "2382"]
[BlackElo "2581"]
[Annotator "RC"]
[PlyCount "73"]
[EventDate "2019.10.15"]
[EventType "swiss"]
[EventCountry "RUS"]
[SourceTitle "playchess.com"]
[Source "ChessBase"]
[SourceQuality "1"]
[TimeControl "900+10"]

1. g3 d5 2. Bg2 Nc6 3. d3 e5 4. a3 f5 5. b4 Be6 6. Bb2 Bd6 7. Nd2 Nf6 8. c4 dxc4 9. Nxc4 Bxc4 10. Bxc6+ bxc6 11. dxc4 c5 12. Nf3 cxb4 13. Qa4+ Nd7 14. axb4 e4 15. Nd4 Qf6 16. Rd1 c6 17. Ba1 O-O 18. c5 Be5 19. Qxc6 Qf7 20. Ne6 Bxa1 21. Rxd7 Qf6 22. O-O Rfe8 23. Rd6 Be5 24. Nc7 Qf7 25. Nxe8 Rxe8 26. Rd7 Qf8 27. Qd5+ Kh8 28. Rf7 Qg8 29. Rd1 f4 30. gxf4 Bc3 31. Rxa7 Qf8 32. Rf7 Qg8 33. Rb7 Qf8 34. Qf7 Qxf7 35. Rxf7 Bxb4 36. c6 Ba5 37. Rdd7 1-0

[Event "RUS-ch Men Rapid 2019"]
[Site "Sochi"]
[Date "2019.10.16"]
[Round "6.14"]
[White "Sakaev, Konstantin"]
[Black "Jary, Sergey"]
[Result "1-0"]
[ECO "D85"]
[WhiteElo "2595"]
[BlackElo "2275"]
[Annotator "ChessBase"]
[PlyCount "67"]
[EventDate "2019.10.15"]
[EventType "swiss"]
[EventCountry "RUS"]
[SourceTitle "playchess.com"]
[Source "ChessBase"]
[SourceQuality "1"]
[TimeControl "900+10"]

1. d4 Nf6 2. c4 g6 3. Nc3 d5 4. cxd5 Nxd5 5. e4 Nb6 6. Be3 Bg7 7. Qd2 O-O 8. O-O-O Nc6 9. h4 h5 10. f3 f5 11. e5 Nb4 12. Nh3 N4d5 13. Nxd5 Nxd5 14. Bc4 b5 15. Bxb5 Nxe3 16. Qxe3 Qd5 17. Qb3 Be6 18. Qxd5 Bxd5 19. Kb1 Rab8 20. Ba4 Bh6 21. Rd3 Rb4 22. Bb3 Bxb3 23. axb3 Rfb8 24. Kc2 R8b5 25. Ra1 a5 26. Ra4 Rd5 27. f4 Kf7 28. g3 Ke6 29. Ng1 c5 30. Ne2 cxd4 31. Rxd4 Rc5+ 32. Nc3 Rb7 33. Rdc4 Rxc4 34. bxc4 {[%emt 0:00:22] Kd5} 1-0

[Event "RUS-ch Men Rapid 2019"]
[Site "Sochi"]
[Date "2019.10.16"]
[Round "6.15"]
[White "Nozdrachev, Vladislav"]
[Black "Tekeyev, Zaur"]
[Result "0-1"]
[ECO "B31"]
[WhiteElo "2494"]
[BlackElo "2384"]
[Annotator "RC"]
[PlyCount "88"]
[EventDate "2019.10.15"]
[EventType "swiss"]
[EventCountry "RUS"]
[SourceTitle "playchess.com"]
[Source "ChessBase"]
[SourceQuality "1"]
[TimeControl "900+10"]

1. e4 c5 2. Nf3 Nc6 3. Bb5 g6 4. O-O Bg7 5. Re1 e5 6. Bxc6 dxc6 7. d3 Qe7 8. a4 Nf6 9. Bg5 h6 10. Be3 O-O 11. a5 c4 12. Qc1 Kh7 13. d4 Ng4 14. dxe5 Nxe5 15. Nxe5 Qxe5 16. c3 Be6 17. Bd4 Qh5 18. Bxg7 Kxg7 19. Nd2 Rad8 20. Nf3 c5 21. Qf4 Rd3 22. Ne5 g5 23. Qc1 Rd6 24. Qe3 b6 25. axb6 axb6 26. h3 Qh4 27. g4 Rfd8 28. Kg2 Rd3 29. Nxd3 Rxd3 30. Qg3 Qxg3+ 31. fxg3 Rd2+ 32. Kf3 Rxb2 33. Rab1 Rb3 34. Rec1 Kf6 35. Ke3 b5 36. Kd2 Ke5 37. Ke3 b4 38. Rxb3 cxb3 39. cxb4 c4 40. Rb1 Bd7 41. Ra1 Bb5 42. Rb1 Bc6 43. Ra1 b2 44. Re1 Bxe4 {[%emt 0:00:10] Kd4+} 0-1

[Event "RUS-ch Men Rapid 2019"]
[Site "Sochi"]
[Date "2019.10.16"]
[Round "6.17"]
[White "Papin, Vasily"]
[Black "Ivlev, Aleksey"]
[Result "1/2-1/2"]
[ECO "A06"]
[WhiteElo "2481"]
[BlackElo "2292"]
[Annotator "ChessBase"]
[PlyCount "71"]
[EventDate "2019.10.15"]
[EventType "swiss"]
[EventCountry "RUS"]
[SourceTitle "playchess.com"]
[Source "ChessBase"]
[SourceQuality "1"]
[TimeControl "900+10"]

1. Nf3 d5 2. e3 Nf6 3. c4 c6 4. Nc3 e6 5. b3 Nbd7 6. Qc2 Bd6 7. Bb2 Qe7 8. Be2 O-O 9. O-O b6 10. cxd5 exd5 11. Nd4 Nb8 12. Nf5 Bxf5 13. Qxf5 Ba3 14. Bxa3 Qxa3 15. Rfc1 Nbd7 16. d4 Qd6 17. Rc2 Rfe8 18. Rac1 Re6 19. Qd3 Rae8 20. Qa6 Qb8 21. Bf3 h5 22. g3 g6 23. Ne2 c5 24. Nf4 Rd6 25. Qb5 Kg7 26. Rd1 cxd4 27. Rxd4 Ne5 28. Bg2 Red8 29. Rcd2 Nc6 30. R4d3 a6 31. Qa4 b5 32. Qa3 Ne5 33. Rd4 Nc6 34. R4d3 Ne5 35. Rd4 Nc6 36. R4d3 1/2-1/2

[Event "RUS-ch Men Rapid 2019"]
[Site "Sochi"]
[Date "2019.10.16"]
[Round "6.18"]
[White "Utnasunov, Alexander"]
[Black "Gutenev, Alexander"]
[Result "0-1"]
[ECO "A50"]
[WhiteElo "2442"]
[BlackElo "2469"]
[Annotator "ChessBase"]
[PlyCount "70"]
[EventDate "2019.10.15"]
[EventType "swiss"]
[EventCountry "RUS"]
[SourceTitle "playchess.com"]
[Source "ChessBase"]
[SourceQuality "1"]
[TimeControl "900+10"]

1. d4 Nf6 2. c4 b6 3. Nc3 Bb7 4. f3 d5 5. cxd5 Nxd5 6. e4 Nxc3 7. bxc3 e5 8. Bb5+ c6 9. Bc4 b5 10. Bb3 exd4 11. Qxd4 Nd7 12. Ne2 c5 13. Qf2 Ne5 14. O-O Nd3 15. Qg3 c4 16. Bc2 Bc5+ 17. Kh1 O-O 18. Nf4 Nxc1 19. Nh5 g6 20. Qe5 gxh5 21. Qxc5 Nd3 22. Qxb5 Qb6 23. Qxh5 Qg6 24. Qb5 Ba6 25. Qa5 Rab8 26. Rab1 Rb6 27. g3 Rfb8 28. Qd5 Rxb1 29. Rxb1 Rxb1+ 30. Bxb1 Qb6 31. Bc2 Bb7 32. Qxc4 Ne5 33. Qe2 Ba6 34. Qg2 Qe3 35. h4 Nxf3 0-1

[Event "RUS-ch Men Rapid 2019"]
[Site "Sochi"]
[Date "2019.10.16"]
[Round "6.21"]
[White "Vastrukhin, Oleg"]
[Black "Musalov, Ruslan"]
[Result "0-1"]
[ECO "A00"]
[WhiteElo "2428"]
[BlackElo "2348"]
[Annotator "NA"]
[PlyCount "104"]
[EventDate "2019.10.15"]
[EventType "swiss"]
[EventCountry "RUS"]
[SourceTitle "playchess.com"]
[Source "ChessBase"]
[SourceQuality "1"]
[TimeControl "900+10"]

1. g3 Nf6 2. Bg2 e5 3. c4 Nc6 4. Nc3 a6 5. e3 b5 6. d3 Rb8 7. Nge2 Bd6 8. O-O O-O 9. a3 Re8 10. b4 Bf8 11. Bb2 Bb7 12. Nd5 d6 13. Rc1 Nxd5 14. cxd5 Ne7 15. Qb3 Qd7 16. d4 Nc8 17. e4 Nb6 18. f4 exf4 19. Rxf4 Bxd5 20. Qc2 Bc4 21. Rcf1 f6 22. R1f2 Na4 23. Bc1 c5 24. bxc5 dxc5 25. d5 Bd6 26. h4 Bxe2 27. Rxe2 b4 28. Rf3 Nc3 29. Rxc3 bxc3 30. Qxc3 Be5 31. Qf3 Rb1 32. Re1 Qd6 33. Kh2 c4 34. Bh3 c3 35. Be6+ Kh8 36. Qh5 Bxg3+ 37. Kh3 g6 38. Qf3 Be5 39. Bg5 fxg5 40. Rxb1 Rf8 41. Qd3 gxh4 42. Rg1 Bg7 43. Rg2 Qe5 44. Re2 h5 45. Kg2 g5 46. Bf5 g4 47. d6 h3+ 48. Kh1 Qf4 49. Kg1 Be5 50. d7 h2+ 51. Kg2 h1=Q+ 52. Kxh1 Qf1# 0-1

[Event "RUS-ch Men Rapid 2019"]
[Site "Sochi"]
[Date "2019.10.16"]
[Round "6.22"]
[White "Belozerov, Andrei"]
[Black "Chos, Alexey"]
[Result "1-0"]
[ECO "B90"]
[WhiteElo "2515"]
[BlackElo "2296"]
[Annotator "RC"]
[PlyCount "93"]
[EventDate "2019.10.15"]
[EventType "swiss"]
[EventCountry "RUS"]
[SourceTitle "playchess.com"]
[Source "ChessBase"]
[SourceQuality "1"]
[TimeControl "900+10"]

1. e4 c5 2. Nf3 d6 3. d4 cxd4 4. Nxd4 Nf6 5. Nc3 a6 6. f3 e5 7. Nb3 Be6 8. Be3 Be7 9. Qd2 Qc7 10. g4 h6 11. O-O-O Nbd7 12. h4 b5 13. Qf2 Rb8 14. Kb1 Nb6 15. Rg1 Nc4 16. Bc1 a5 17. Nd5 Nxd5 18. exd5 Bd7 19. g5 hxg5 20. Bxg5 Bf5 21. Bd3 g6 22. Bxe7 Kxe7 23. f4 a4 24. Nd2 Qb6 25. Qg3 Qd4 26. Bxc4 bxc4 27. Qa3 Qxf4 28. Rgf1 Qxh4 29. Nf3 Qe4 30. Nd4 c3 31. Nc6+ Kf6 32. Qxc3 Rh3 33. Qd2 Rb5 34. Ka1 a3 35. b3 Rc5 36. c4 Kg7 37. Ne7 Qd4+ 38. Qxd4 exd4 39. Rxd4 Bd7 40. Rdf4 f5 41. Rg1 Rh6 42. Rxf5 Rc7 43. Rfg5 Kf6 44. Ng8+ Kg7 45. Nxh6 Kxh6 46. Rxg6+ Kh5 47. Rg7 1-0

[Event "RUS-ch Men Rapid 2019"]
[Site "Sochi"]
[Date "2019.10.16"]
[Round "6.23"]
[White "Gorbatov, Alexej"]
[Black "Belyakov, Bogdan"]
[Result "0-1"]
[ECO "C65"]
[WhiteElo "2355"]
[BlackElo "2495"]
[Annotator "ChessBase"]
[PlyCount "66"]
[EventDate "2019.10.15"]
[EventType "swiss"]
[EventCountry "RUS"]
[SourceTitle "playchess.com"]
[Source "ChessBase"]
[SourceQuality "1"]
[TimeControl "900+10"]

1. e4 e5 2. Nf3 Nc6 3. Bb5 Nf6 4. Qe2 Bc5 5. Bxc6 bxc6 6. Nxe5 O-O 7. d3 d5 8. Nd2 Re8 9. Nef3 Ba6 10. e5 Ng4 11. O-O Bd6 12. h3 Nxe5 13. Nxe5 Rxe5 14. Qg4 Bc8 15. Qa4 Bd7 16. Nf3 c5 17. Qa5 Rf5 18. Nh2 h5 19. f4 Qf6 20. Qc3 d4 21. Qd2 Bc6 22. Qf2 Qg6 23. Bd2 Bxf4 24. Bxf4 Rxf4 25. Qd2 Rh4 26. Nf3 Rxh3 27. Ne5 Qg3 28. Nxc6 Qh2+ 29. Kf2 Qg3+ 30. Kg1 Qh2+ 31. Kf2 Rg3 32. Rg1 Re8 33. Kf1 Rf3+ 0-1

[Event "RUS-ch Men Rapid 2019"]
[Site "Sochi"]
[Date "2019.10.16"]
[Round "6.24"]
[White "Glek, Igor"]
[Black "Goltsev, Dmitry"]
[Result "1-0"]
[ECO "B40"]
[WhiteElo "2467"]
[BlackElo "2309"]
[Annotator "ChessBase"]
[PlyCount "93"]
[EventDate "2019.10.15"]
[EventType "swiss"]
[EventCountry "RUS"]
[SourceTitle "playchess.com"]
[Source "ChessBase"]
[SourceQuality "1"]
[TimeControl "900+10"]

1. e4 c5 2. Nf3 e6 3. Nc3 Nc6 4. Bb5 Qc7 5. O-O Nge7 6. Re1 d6 7. d4 cxd4 8. Nxd4 a6 9. Ba4 Qd8 10. Bg5 Bd7 11. Ndb5 axb5 12. Nxb5 Bc8 13. Nxd6+ Qxd6 14. Qxd6 Rxa4 15. Qc7 f6 16. Bd2 Rc4 17. c3 Ne5 18. Qb6 Kf7 19. b3 Rc6 20. Qb5 Nd7 21. f4 Rb6 22. Qe2 Nc6 23. Be3 Ra6 24. Rad1 Be7 25. Rd2 Rd8 26. Red1 Nf8 27. Rxd8 Nxd8 28. f5 exf5 29. exf5 Bxf5 30. Qb5 Be6 31. Rxd8 Rxa2 32. Qxb7 Ra5 33. b4 Ra1+ 34. Kf2 Ng6 35. Bc5 Ra2+ 36. Ke1 Ra1+ 37. Rd1 Ra2 38. Rd2 Ra1+ 39. Kf2 Bc4 40. Bxe7 Nxe7 41. Rd7 Rf1+ 42. Ke3 Re1+ 43. Kd4 Bb3 44. c4 Ke8 45. Rc7 Bc2 46. Kc3 Bf5 47. Qb5+ 1-0

[Event "RUS-ch Men Rapid 2019"]
[Site "Sochi"]
[Date "2019.10.16"]
[Round "6.25"]
[White "Bryakin, Mikhail"]
[Black "Gabitov, Ruslan"]
[Result "1/2-1/2"]
[ECO "A43"]
[WhiteElo "2440"]
[BlackElo "2172"]
[Annotator "NA"]
[PlyCount "104"]
[EventDate "2019.10.15"]
[EventType "swiss"]
[EventCountry "RUS"]
[SourceTitle "playchess.com"]
[Source "ChessBase"]
[SourceQuality "1"]
[TimeControl "900+10"]

1. d4 g6 2. c4 Bg7 3. Nc3 c5 4. d5 Bxc3+ 5. bxc3 f5 6. Nf3 Qa5 7. Qc2 Nf6 8. Bh6 Rg8 9. e3 d6 10. Bd3 Nbd7 11. a4 Nb6 12. Nd2 Bd7 13. Nb3 Qa6 14. a5 Nbxd5 15. cxd5 c4 16. Be2 cxb3 17. Qxb3 b5 18. O-O Kf7 19. c4 Rab8 20. Qa2 bxc4 21. Rfc1 Rgc8 22. Bxc4 Bb5 23. Bb3 Rxc1+ 24. Rxc1 Rc8 25. e4 Rxc1+ 26. Bxc1 Nxe4 27. Be3 Nf6 28. h3 Qb7 29. Qd2 a6 30. Bd4 Qc7 31. Bb6 Qc8 32. Qe3 Qd7 33. Bd4 Qc8 34. Qh6 Kg8 35. Qe3 Kf7 36. f3 Qc7 37. Bb6 Qc8 38. g4 fxg4 39. hxg4 Bd7 40. Bd4 Ng8 41. Qf4+ Ke8 42. Bg7 Qc5+ 43. Kg2 Kd8 44. Qf8+ Kc7 45. Qxg8 Qe3 46. Bc4 Qd2+ 47. Kg3 Qe1+ 48. Kg2 Qd2+ 49. Kg3 Qe1+ 50. Kg2 Qd2+ 51. Kh3 Qc3 52. Be2 Qe3 1/2-1/2

[Event "RUS-ch Men Rapid 2019"]
[Site "Sochi"]
[Date "2019.10.16"]
[Round "6.26"]
[White "Nechaev, Oleg"]
[Black "Oganian, Miran"]
[Result "0-1"]
[ECO "D02"]
[WhiteElo "2371"]
[BlackElo "2436"]
[Annotator "NA"]
[PlyCount "118"]
[EventDate "2019.10.15"]
[EventType "swiss"]
[EventCountry "RUS"]
[SourceTitle "playchess.com"]
[Source "ChessBase"]
[SourceQuality "1"]
[TimeControl "900+10"]

1. d4 d5 2. Nf3 Nf6 3. Bf4 c5 4. e3 Nc6 5. c3 Qb6 6. Qc2 g6 7. Nbd2 Bg7 8. dxc5 Qxc5 9. Be2 O-O 10. O-O Re8 11. Rfd1 e5 12. Bg3 Bf5 13. Qb3 Qe7 14. Bb5 e4 15. Nd4 Nxd4 16. cxd4 Rec8 17. Rdc1 Be6 18. Be2 h5 19. Rc3 Ne8 20. h3 h4 21. Bh2 f5 22. Rac1 Rxc3 23. Rxc3 g5 24. Qa3 Qf7 25. Nb3 Bf8 26. Qa4 b6 27. Bb5 f4 28. Nd2 Bd6 29. Bf1 Rd8 30. a3 Ng7 31. Qc2 Rf8 32. Kh1 Nf5 33. Be2 fxe3 34. fxe3 Ng3+ 35. Bxg3 Bxg3 36. Qd1 Qf2 37. Qf1 Bxh3 38. Qxf2 Rxf2 39. gxh3 Rxe2 40. Nf1 Rxb2 41. Rc8+ Kf7 42. Rd8 Ke6 43. Rg8 Ra2 44. Rxg5 Rxa3 45. Nxg3 hxg3 46. Rxg3 b5 47. Rg6+ Ke7 48. Rg5 Rxe3 49. Rxd5 Rxh3+ 50. Kg2 Rb3 51. Re5+ Kd6 52. Rxe4 Kd5 53. Re7 a5 54. Rd7+ Kc4 55. d5 Rd3 56. d6 Kc5 57. Ra7 Kb6 58. Rd7 Kc6 59. Ra7 a4 0-1

[Event "RUS-ch Men Rapid 2019"]
[Site "Sochi"]
[Date "2019.10.16"]
[Round "6.27"]
[White "Gaydym, Arseniy"]
[Black "Pogromsky, Mikhail"]
[Result "0-1"]
[ECO "B02"]
[WhiteElo "2139"]
[BlackElo "2411"]
[Annotator "NA"]
[PlyCount "56"]
[EventDate "2019.10.15"]
[EventType "swiss"]
[EventCountry "RUS"]
[SourceTitle "playchess.com"]
[Source "ChessBase"]
[SourceQuality "1"]
[TimeControl "900+10"]

1. e4 Nf6 2. Nc3 d5 3. exd5 Nxd5 4. Bc4 c6 5. d4 Bf5 6. Nxd5 cxd5 7. Bd3 Bxd3 8. Qxd3 Nc6 9. Nf3 e6 10. c3 Bd6 11. O-O h6 12. Re1 Qc7 13. Bd2 O-O 14. Re2 b5 15. Rae1 b4 16. Ne5 bxc3 17. Bxc3 Nxe5 18. dxe5 Be7 19. Re3 Rfc8 20. Rg3 Qc4 21. Qf3 Rab8 22. Qh5 Qh4 23. Qf3 Rc4 24. Rh3 Qg4 25. Qd3 Bb4 26. Rg3 Qh4 27. Bxb4 Rbxb4 28. b3 Rc7 0-1

[Event "RUS-ch Men Rapid 2019"]
[Site "Sochi"]
[Date "2019.10.16"]
[Round "6.28"]
[White "Lugovskoy, Maxim"]
[Black "Sysolyatin, Evgeny"]
[Result "1-0"]
[ECO "A45"]
[WhiteElo "2436"]
[BlackElo "2271"]
[Annotator "NA"]
[PlyCount "101"]
[EventDate "2019.10.15"]
[EventType "swiss"]
[EventCountry "RUS"]
[SourceTitle "playchess.com"]
[Source "ChessBase"]
[SourceQuality "1"]
[TimeControl "900+10"]

1. d4 Nf6 2. Nc3 d5 3. Bf4 e6 4. Nb5 Na6 5. e3 Bb4+ 6. c3 Be7 7. b4 O-O 8. Bd3 b6 9. Nf3 c5 10. bxc5 bxc5 11. a4 cxd4 12. exd4 Ne4 13. O-O g5 14. Bc1 Nc7 15. Ne5 Nxb5 16. axb5 Bb7 17. Qh5 f6 18. Nc6 Bxc6 19. bxc6 Qe8 20. Qh3 f5 21. f3 Nd6 22. Re1 Qxc6 23. Rxe6 Qxc3 24. Rxe7 Rf7 25. Rxf7 Nxf7 26. Bb2 Qxb2 27. Rd1 Qxd4+ 28. Kh1 Qa4 29. Rb1 g4 30. Qh5 gxf3 31. Qxf3 Qg4 32. Qxd5 Rd8 33. Qxf5 Qxf5 34. Bxf5 a5 35. h3 Rd5 36. g4 Re5 37. Rb7 h6 38. Ra7 Ng5 39. h4 Nf3 40. Bh7+ Kh8 41. Kg2 Re3 42. h5 Ng5 43. Bf5 Re5 44. Kg3 Re3+ 45. Kf4 Re8 46. Rxa5 Re7 47. Ra6 Nf7 48. Be4 Kg7 49. Rg6+ Kf8 50. Bd5 Ne5 51. Rg8# 1-0

[Event "RUS-ch Men Rapid 2019"]
[Site "Sochi"]
[Date "2019.10.16"]
[Round "6.31"]
[White "Orlinkov, Maxim L."]
[Black "Nazaretyan, Tigran"]
[Result "0-1"]
[ECO "A62"]
[WhiteElo "2297"]
[BlackElo "2297"]
[Annotator "NA"]
[PlyCount "118"]
[EventDate "2019.10.15"]
[EventType "swiss"]
[EventCountry "RUS"]
[SourceTitle "playchess.com"]
[Source "ChessBase"]
[SourceQuality "1"]
[TimeControl "900+10"]

1. d4 Nf6 2. c4 c5 3. d5 e6 4. Nc3 exd5 5. cxd5 d6 6. g3 g6 7. Bg2 Bg7 8. Nf3 O-O 9. O-O a6 10. a4 Nbd7 11. Bf4 Qe7 12. h3 Rb8 13. Rb1 Nh5 14. Bg5 f6 15. Bd2 f5 16. Qc1 Ne5 17. b4 Nxf3+ 18. exf3 c4 19. Re1 Qc7 20. b5 Bd7 21. b6 Qc5 22. Re7 Rf7 23. Rxf7 Kxf7 24. g4 Nf6 25. Be3 Qa5 26. Qa3 Ne8 27. Rc1 Rc8 28. Bf1 Kg8 29. Rc2 Be5 30. Qc1 Kh8 31. Kg2 Nf6 32. Be2 Qb4 33. f4 Bxc3 34. Rxc3 Nxd5 35. Bd4+ Kg8 36. Bf3 Nxc3 37. Bxc3 Qxb6 38. Bd5+ Kf8 39. Qd2 Re8 40. Bd4 Qb3 41. Bc3 Qb6 42. Bd4 Qc7 43. Bc3 Bc6 44. Kg3 Bxd5 45. Qxd5 Qc6 46. Qd4 Ke7 47. Qg7+ Kd8 48. Qxh7 fxg4 49. hxg4 Qd5 50. Bf6+ Kc8 51. Qxg6 Qd3+ 52. Qxd3 cxd3 53. Bc3 Re2 54. g5 d2 55. Bxd2 Rxd2 56. g6 Rd1 57. Kg2 Re1 58. g7 Re8 59. f5 Kd7 0-1

[Event "RUS-ch Men Rapid 2019"]
[Site "Sochi"]
[Date "2019.10.16"]
[Round "6.32"]
[White "Dianov, Alexey"]
[Black "Eraschenkov, Denis"]
[Result "1/2-1/2"]
[ECO "C00"]
[WhiteElo "2158"]
[BlackElo "2382"]
[Annotator "NA"]
[PlyCount "78"]
[EventDate "2019.10.15"]
[EventType "swiss"]
[EventCountry "RUS"]
[SourceTitle "playchess.com"]
[Source "ChessBase"]
[SourceQuality "1"]
[TimeControl "900+10"]

1. e4 e6 2. d3 c5 3. f4 Nc6 4. Nf3 g6 5. g3 Bg7 6. Bg2 Nge7 7. O-O O-O 8. c4 Rb8 9. Nc3 a6 10. a4 d5 11. Kh1 d4 12. Nb1 b5 13. axb5 axb5 14. cxb5 Rxb5 15. Na3 Rb8 16. Nc4 Nb4 17. Ne1 Bb7 18. Nc2 Nec6 19. N2a3 Ba6 20. Qe2 Na5 21. e5 Nxc4 22. Nxc4 Bxc4 23. dxc4 d3 24. Qf2 Nc2 25. Ra6 Rb6 26. Ra8 Qd4 27. Qxd4 Nxd4 28. Rxf8+ Kxf8 29. Rd1 Rb4 30. Be4 Rxc4 31. Bxd3 Rb4 32. Bf1 f6 33. exf6 Bxf6 34. Bh3 Ke7 35. Re1 Kd6 36. Be3 e5 37. Bxd4 Rxd4 38. fxe5+ Bxe5 39. b3 Rd2 1/2-1/2

[Event "RUS-ch Men Rapid 2019"]
[Site "Sochi"]
[Date "2019.10.16"]
[Round "7.2"]
[White "Golubov, Saveliy"]
[Black "Tsydypov, Zhamsaran"]
[Result "1/2-1/2"]
[ECO "A48"]
[WhiteElo "2469"]
[BlackElo "2553"]
[Annotator "RC"]
[PlyCount "77"]
[EventDate "2019.10.15"]
[EventType "swiss"]
[EventCountry "RUS"]
[SourceTitle "playchess.com"]
[Source "ChessBase"]
[SourceQuality "1"]
[TimeControl "900+10"]

1. d4 Nf6 2. Nf3 g6 3. Bf4 Bg7 4. e3 O-O 5. Be2 d5 6. c3 c5 7. Nbd2 b6 8. O-O Nc6 9. h3 Bb7 10. a4 Nd7 11. Qb3 e5 12. dxe5 Ndxe5 13. Nxe5 Bxe5 14. Bxe5 Nxe5 15. Nf3 Nd7 16. a5 Qc7 17. axb6 axb6 18. Rfd1 Nf6 19. Nd2 Bc6 20. Qc2 Rfe8 21. Bf3 b5 22. Rxa8 Bxa8 23. Ra1 Nd7 24. Be2 Qb6 25. Qd3 c4 26. Qc2 Bb7 27. Nf3 Nc5 28. Nd4 b4 29. cxb4 Qxb4 30. h4 Ra8 31. Rxa8+ Bxa8 32. Qc1 Bb7 33. h5 Na4 34. Qa1 h6 35. Nc2 Qb3 36. Nd4 Qb4 37. Nc2 Qb3 38. Nd4 Qb4 39. Nc2 1/2-1/2

[Event "RUS-ch Men Rapid 2019"]
[Site "Sochi"]
[Date "2019.10.16"]
[Round "7.4"]
[White "Kokarev, Dmitry"]
[Black "Nesterov, Arseniy"]
[Result "1-0"]
[ECO "A11"]
[WhiteElo "2593"]
[BlackElo "2484"]
[Annotator "ChessBase"]
[PlyCount "56"]
[EventDate "2019.10.15"]
[EventType "swiss"]
[EventCountry "RUS"]
[SourceTitle "playchess.com"]
[Source "ChessBase"]
[SourceQuality "1"]
[TimeControl "900+10"]

1. c4 c6 2. Nf3 d5 3. g3 Nf6 4. Bg2 Bf5 5. O-O e6 6. d3 Be7 7. Be3 Nbd7 8. Qb3 Qb8 9. cxd5 cxd5 10. Nc3 O-O 11. Rfc1 h6 12. Nb5 Ng4 13. Bf4 e5 14. Nxe5 Ndxe5 15. d4 a6 16. Nc3 Qa7 17. Nxd5 Bd6 18. Bxe5 Bxe5 19. Ne7+ Kh8 20. Nxf5 g6 21. e3 gxf5 22. dxe5 Rad8 23. Rc7 Rd2 24. Qb4 Rfd8 25. Rxb7 Qa8 26. Rf1 Nxe3 27. Qb6 Ng4 28. h3 Rxf2 1-0